 Dungeon Crawl Stone Soup version 0.26-a0-665-gefeb406119 (webtiles) character file.

Game seed: 17204187148197680630

231 Gamer54 the Stinger (level 6, -1/52 HPs)
             Began as a Naga Venom Mage on Oct 14, 2020.
             Slain by a big kobold (3 damage)
             ... on level 3 of the Dungeon.
             The game lasted 00:10:29 (4764 turns).

Gamer54 the Stinger (Naga Venom Mage)               Turns: 4764, Time: 00:10:29

Health: -1/52      AC:  4    Str: 10    XL:     6   Next: 4%
Magic:  0/10       EV: 10    Int: 18    God:
Gold:   144        SH:  0    Dex: 11    Spells: 9/10 levels left

rFire    . . .     SeeInvis +   c - +0 mace
rCold    . . .     Faith    .   (no shield)
rNeg     . . .     Spirit   .   a - +0 robe
rPois    +         Reflect  .   (no helmet)
rElec    .         Harm     .   (no cloak)
rCorr    .         Rampage  .   p - +0 pair of gloves
MR       .....                  (no barding)
Stlth    ++........             (no amulet)
HPRegen  0.17/turn              (no ring)
MPRegen  0.12/turn              (no ring)

@: brilliant, very slow
A: large, see invisible, deformed body, poison resistance, slowness 2, spit
poison 1, AC +2
a: Spit Poison


You were on level 3 of the Dungeon.
You visited 1 branch of the dungeon, and saw 3 of its levels.

You collected 144 gold pieces.

Inventory:

Hand Weapons
 c - a +0 mace (weapon)
Missiles
 d - 353 stones (quivered)
Armour
 a - a +0 robe (worn)
 p - a +0 pair of gloves (worn)
Jewellery
 g - an uncursed ring of see invisible {unknown}
 j - an uncursed amulet of regeneration {unknown}
 o - an uncursed ring of protection from fire {unknown}
 v - a cursed amulet of inaccuracy {unknown}
Wands
 u - a wand of paralysis (4)
Scrolls
 e - 3 scrolls of magic mapping {unknown}
 f - 5 scrolls of identify
 h - 3 scrolls of enchant armour {unknown}
 i - a scroll of fear {unknown}
 l - a scroll of amnesia {unknown}
 m - a scroll of random uselessness {unknown}
 n - 3 scrolls of remove curse {unknown}
 r - a scroll of enchant weapon {unknown}
Potions
 b - a potion of flight


   Skills:
 + Level 2.1 Fighting
 + Level 1.4 Armour
 - Level 1.5 Dodging
 - Level 3.0 Stealth
 + Level 2.9 Spellcasting
 + Level 2.3 Transmutations
 * Level 6.0 Poison Magic


You had 9 spell levels left.
You knew the following spells:

 Your Spells              Type           Power        Failure   Level
a - Sting                 Tmut/Pois      ####         3%          1

Your spell library contained the following spells:

 Spells                   Type           Power        Failure   Level
 Poisonous Vapours        Pois/Air       ###...       8%          2
 Olgreb's Toxic Radiance  Pois           #####...     14%         4
 Ignite Poison            Fire/Tmut/Pois ###.....     16%         3
 Mephitic Cloud           Conj/Pois/Air  ##......     22%         3


Dungeon Overview and Level Annotations

Branches:
Dungeon (3/15)

Altars:
Zin


Innate Abilities, Weirdness & Mutations

You cannot wear boots.
Your serpentine skin is tough. (AC +2)
You have supernaturally acute eyesight. (SInv)
Armour fits poorly on your strangely shaped body.
Your system is resistant to poisons. (rPois)
You cover ground very slowly.
You can spit poison.


Message History

The big kobold hits you.
* * * LOW HITPOINT WARNING * * *
The big kobold closely misses you. The big kobold hits you.
* * * LOW HITPOINT WARNING * * *
Casting: Sting (safe; 3% risk of failure)
Confirm with . or Enter, or press ? or * to list all spells.
Aiming: Sting (safe; 3% risk of failure)
Press: ? - help, Shift-Dir - straight line, f/p - big kobold
Aim: a big kobold, wielding a +0 dagger (severely wounded)
The sting misses the big kobold.
The big kobold hits you with a +0 dagger.
* * * LOW HITPOINT WARNING * * *
The big kobold hits you but does no damage.
The big kobold hits you.
* * * LOW HITPOINT WARNING * * *
The big kobold barely misses you.
It was a potion of brilliance.
You feel clever all of a sudden. The big kobold hits you.
You die...

..≈.≈.≈.≈≈≈≈≈≈≈......≈...≈≈≈≈≈≈≈.
≈≈≈≈≈≈≈≈≈≈≈≈≈÷≈≈≈....≈≈≈≈≈≈≈≈≈≈≈≈
≈≈≈≈≈≈≈≈≈≈≈≈≈≈≈≈≈....≈≈≈≈≈≈≈≈≈≈≈≈
≈≈≈≈≈≈≈≈≈≈≈≈≈≈≈≈≈....≈≈≈≈≈≈≈≈≈≈≈≈
##################')#############
........#...... #....#.......#...
........'...... #....#.......'...
........#########....#########...
#####......))..#@....)#..........
#......(...KK.....'.))).)....
#####$..(..)(..#......#..........
........#########....#########...
........).).....#....#.......'.(.
........#.......#....#.......#...
#################################


You could see 2 big kobolds.

Vanquished Creatures
  A big kobold (D:3)
  A gnoll (D:3)
  5 adders
  An ooze (D:3)
  4 worms (D:2)
  A dart slug (D:3)
  4 leopard geckos
  5 bats
  2 giant cockroaches
  2 goblins (D:1)
  7 hobgoblins
  2 jackals (D:1)
  44 kobolds
  2 quokkas (D:2)
  2 frilled lizards
  7 rats
90 creatures vanquished.

Notes
Turn   | Place    | Note
-------+----------+-------------------------------------------
     0 | D:1      | Gamer54 the Naga Venom Mage began the quest for the Orb.
     0 | D:1      | Reached XP level 1. HP: 15/15 MP: 3/3
   258 | D:1      | Reached XP level 2. HP: 22/24 MP: 3/5
  1028 | D:2      | Reached XP level 3. HP: 30/30 MP: 3/6
  1382 | D:2      | Reached skill level 1 in Fighting
  1752 | D:2      | Reached XP level 4. HP: 38/38 MP: 5/7
  1864 | D:2      | Found a faded altar of an unknown god.
  1936 | D:2      | Reached skill level 5 in Poison Magic
  3013 | D:3      | Reached skill level 1 in Armour
  3063 | D:3      | Found a glowing silver altar of Zin.
  3471 | D:3      | Reached XP level 5. HP: 6/44 MP: 0/8
  4711 | D:3      | Noticed a big kobold
  4711 | D:3      | Noticed a big kobold
  4711 | D:3      | Noticed a big kobold
  4743 | D:3      | Killed a big kobold
  4743 | D:3      | Reached skill level 6 in Poison Magic
  4743 | D:3      | Reached XP level 6. HP: 14/52 MP: 1/10
  4762 | D:3      | HP: 2/52 [big kobold/+0 dagger (4)]
  4764 | D:3      | Slain by a big kobold

Illustrated notes

Levels and vault maps discovered:
D:1:      arrival_zaba_pyramid, layout_loops_ring, minmay_door_square,
          minmay_misc_feat_five
D:2:      layout_basic, serial_glass, glass_columns_b, glass_columns_a,
          chequers_ecumenical_altar_twisty
D:3:      minmay_goblin_kobold_castle, layout_rooms, zin_statuary,
          kennysheep_potato

Skill      XL: |  1  2  3  4  5 |
---------------+----------------+-----
Fighting       | 1 2 |  2.1
Poison Magic   | 5 6 |  6.0
Armour         | 1 |  1.4
Transmutations | 2 |  2.3
Dodging        | |  1.5
Stealth        | |  3.0
Spellcasting   | |  2.9

Action                   |  1- 3 |  4- 6 || total
-------------------------+-------+-------++-------
Melee: Mace              |    28 |    51 ||    79
Throw: Stone             |    18 |    42 ||    60
 Cast: Sting             |    42 |   116 ||   158
 Abil: Spit Poison       |       |     1 ||     1
  Use: Potion            |       |     7 ||     7
       Scroll            |       |     1 ||     1
Armor: Robe              |     7 |    51 ||    58
Dodge: Dodged            |    27 |   130 ||   157

Table legend: (Time is in decaauts)
 A = Elapsed time spent in this place.
 B = Non-inter-level travel time spent in this place.
 C = Inter-level travel time spent in this place.
 D = Time resting spent in this place.
 E = Time spent auto-exploring this place.
 F = Levels seen in this place.
 G = Mean time per level.
                   A        B        C        D        E       F      G
               +--------+--------+--------+--------+--------+-----+--------+
         Total |   5719 |   5656 |     63 |      6 |   4864 |   3 | 1906.3 |
       Dungeon |   5719 |   5656 |     63 |      6 |   4864 |   3 | 1906.3 |
               +--------+--------+--------+--------+--------+-----+--------+

Top non-repeatable levels by time:
     D:3: 2525 daAuts
     D:2: 1909 daAuts
     D:1: 1284 daAuts
